 Dungeon Crawl Stone Soup version 0.26-b1-32-g5d43845318 (webtiles) character file.

Game seed: 1779769693251251966

28 dohliylev the Stinger (level 3, -1/19 HPs)
             Began as a Gargoyle Venom Mage on Jan 12, 2021.
             Was an Initiate of Sif Muna.
             Slain by an orc wizard
             ... wielding a cursed -1 dagger
              (2 damage)
             ... on level 2 of the Dungeon.
             The game lasted 00:03:21 (1390 turns).

dohliylev the Stinger (Gargoyle Venom Mage)         Turns: 1390, Time: 00:03:21

Health: -1/19      AC:  5    Str: 11    XL:     3   Next: 14%
Magic:  1/6        EV: 12    Int: 16    God:    Sif Muna [......]
Gold:   30         SH:  0    Dex: 10    Spells: 5/6 levels left

rFire    . . .     SeeInvis .   (no weapon)
rCold    . . .     Faith    .   (no shield)
rNeg     + . .     Spirit   .   a - +0 robe
rPois    ∞         Reflect  .   (no helmet)
rElec    +         Harm     .   (no cloak)
rCorr    .         Rampage  .   (no gloves)
Will     .....                  (no boots)
Stlth    ++........             (no amulet)
HPRegen  0.06/turn              (no ring)
MPRegen  0.10/turn              (no ring)

@: no status effects
A: negative energy resistance 1, electricity resistance, unbreathing,
petrification resistance, miasma immunity, AC +3
a: Renounce Religion


You were on level 2 of the Dungeon.
You worshipped Sif Muna.
Sif Muna was noncommittal.
You visited 1 branch of the dungeon, and saw 2 of its levels.

You collected 30 gold pieces.

Inventory:

Armour
 a - a +0 robe (worn)
Scrolls
 b - 2 scrolls of identify {unknown}
 e - a scroll of remove curse {unknown}
 f - a scroll of enchant weapon {unknown}
Potions
 c - a potion of magic {unknown}
 d - a potion of attraction {unknown}
 g - a potion of resistance {unknown}
 h - a potion of mutation {unknown}


   Skills:
 - Level 1.5 Dodging
 - Level 2.1 Stealth
 - Level 2.0 Spellcasting
 - Level 0.7 Transmutations
 + Level 4.2 Poison Magic


You had 5 spell levels left.
You knew the following spells:

 Your Spells              Type           Power        Failure   Level
a - Sting                 Tmut/Pois      36%          8%          1

Your spell library contained the following spells:

 Spells                   Type           Power        Failure   Level
 Poisonous Vapours        Pois/Air       16%          13%         2
 Ignite Poison            Fire/Tmut/Pois 6%           32%         3
 Mephitic Cloud           Conj/Pois/Air  6%           34%         3
 Olgreb's Toxic Radiance  Pois           15%          36%         4


Dungeon Overview and Level Annotations

Branches:
Dungeon (2/15)

Altars:
Ashenzari
Sif Muna


Innate Abilities, Weirdness & Mutations

You are resistant to torment.
Your stone body is resilient. (AC +3)
You are immune to poison.
You resist negative energy. (rN+)
You are resistant to electric shocks. (rElec)
You can survive without breathing.
You are immune to petrification.
You are immune to miasma.


Message History

Something hits you but does no damage. The adder bites you.
* * * LOW HITPOINT WARNING * * *
You closely miss the adder.
The adder is heavily wounded.
The adder bites you.
* * * LOW HITPOINT WARNING * * *
Something hits you but does no damage.
You barely miss the adder.
The adder is almost dead.
The adder barely misses you. Something hits you but does no damage.
The adder bites you but does no damage.
You hit the adder.
The adder is almost dead.
Something hits you but does no damage. The adder bites you but does no damage.
You closely miss the adder.
The adder is almost dead.
You kill the adder!
Sif Muna accepts your kill. Something hits you.
You die...

... ..> ## ####...#.
..#....... .#......#
'......# #)#....# ...
#@#....# .. #{#....#
########.. #......#
......... ###.#..#
......... #.#..#
o.......# #.#..#
........##########.#†.#
.o.>....'...).†...)#..#
[.......############..#


There were no monsters in sight!

Vanquished Creatures
  An adder (D:2)
  An ooze (D:2)
  A dart slug (D:2)
  An orc (D:2)
  2 giant cockroaches (D:1)
  4 goblins
  A kobold (D:1)
  A ball python (D:1)
  A bat (D:1)
  4 frilled lizards
  7 rats
24 creatures vanquished.

Notes
Turn   | Place    | Note
-------+----------+-------------------------------------------
     0 | D:1      | dohliylev the Gargoyle Venom Mage began the quest for the
                  | Orb.
     0 | D:1      | Reached XP level 1. HP: 10/10 MP: 3/3
   268 | D:1      | Reached XP level 2. HP: 15/15 MP: 0/5
   958 | D:2      | Found a broken altar of Ashenzari.
   958 | D:2      | Found a shimmering blue altar of Sif Muna.
  1004 | D:2      | Became a worshipper of Sif Muna the Loreminder
  1231 | D:2      | Reached skill level 4 in Poison Magic
  1231 | D:2      | Reached XP level 3. HP: 14/19 MP: 0/6
  1319 | D:2      | Noticed an orc warrior
  1390 | D:2      | Slain by an orc wizard

Illustrated notes

Levels and vault maps discovered:
D:1:      eino_arrival_druids_welcome, layout_loops_ring
D:2:      layout_basic, chequers_temple_overflow_statue_of_worship,
          grunt_ministairs_11, uniq_sigmund, uniq_crazy_yiuf_cottage

Skill      XL: |  1  2 |
---------------+-------+-----
Poison Magic   | 4 |  4.2
Dodging        | |  1.5
Stealth        | |  2.1
Spellcasting   | |  2.0
Transmutations | |  0.7

Action                   || total
-------------------------++-------
Melee: Unarmed           ||    17
 Cast: Sting             ||    48
Armor: Robe              ||    13
Dodge: Dodged            ||    21
